Map: Pillars of Gold LE

Players

Yoger - Winner!

  • Race: Zerg Zerg
  • Spawn Location: 1:00

Naxin

  • Race: Terran Terran
  • Spawn Location: 7:00

Event: DreamHack SC2 Masters 2020 Summer TwHkMoJp

VOD

Have the link to the VOD?

Description

Time

  • Played on: June 25, 2020, 7:17 a.m.
  • Length: 14:10

All games in this series

Show
View Real Time Build Order
Export as new Build Order

Yoger Zerg - Winner!

Build Orders: Hatch First, Muta Ling Bane 

Get SALT Encoding   

  12  0:00  Drone  
  13  0:12  Overlord  
  13  0:18  Drone  
  14  0:31  Drone x2  
  16  0:50  Hatchery  
  16  0:54  Drone  
  16  0:58  Drone  
  16  1:01  Drone  
  18  1:12  Extractor  
  17  1:19  Spawning Pool  
  17  1:22  Drone  
  17  1:25  Drone  
  17  1:30  Drone  
  19  1:42  Overlord  
  19  1:50  Drone  
  20  2:05  Queen x2  
  20  2:06  Zergling x2  
  26  2:08  Zergling x2  
  26  2:15  Metabolic Boost  
  26  2:19  Drone  
  27  2:24  Drone  
  27  2:27  Drone  
  29  2:31  Drone  
  29  2:36  Drone  
  31  2:37  Drone  
  31  2:43  Queen  
  34  2:53  Overlord  
  34  2:54  Drone  
  34  2:55  Drone  
  36  3:05  Pneumatized Carapace  
  36  3:15  Hatchery  
  36  3:17  Drone x2  
  37  3:21  Drone  
  37  3:22  Drone  
  37  3:24  Drone  
  37  3:26  Drone  
  41  3:30  Overlord  
  41  3:33  Drone  
  42  3:35  Drone  
  42  3:38  Drone  
  44  3:46  Overlord  
  44  3:47  Queen  
  46  3:54  Zergling x8  
  50  3:59  Queen  
  52  4:05  Drone  
  52  4:06  Drone  
  52  4:07  Overlord  
  52  4:09  Drone  
  55  4:11  Zergling x4  
  55  4:16  Baneling Nest  
  56  4:21  Overlord  
  56  4:22  Spore Crawler  
  55  4:28  Queen  
  55  4:29  Drone  
  58  4:33  Drone  
  58  4:34  Drone, Spore Crawler  
  59  4:39  Drone x3  
  59  4:41  Drone  
  59  4:43  Drone x2  
  65  4:47  Overlord  
  65  4:48  Drone  
  65  4:51  Zergling x2  
  67  5:00  Drone x2  
  67  5:01  Drone, Overlord  
  67  5:03  Baneling x4  
  67  5:04  Baneling  
  67  5:05  Baneling  
  70  5:08  Zergling x8  
  60  5:24  Zergling x12  
  65  5:30  Lair  
  65  5:32  Drone x3  
  67  5:37  Drone x3  
  67  5:39  Drone  
  67  5:40  Drone  
  72  5:43  Drone  
  73  5:54  Drone x2  
  75  5:59  Evolution Chamber x2, Drone x2, Extractor  
  75  6:00  Extractor  
  75  6:01  Drone x2  
  75  6:04  Drone  
  75  6:05  Drone x4  
  75  6:11  Overlord x2  
  80  6:13  Overlord  
  80  6:17  Baneling x3  
  80  6:19  Overlord  
  80  6:20  Zergling x6  
  83  6:29  Drone x3  
  83  6:32  Drone x2  
  88  6:34  Centrifical Hooks  
  88  6:40  Extractor  
  88  6:41  Drone x3, Extractor  
  88  6:43  Drone  
  88  6:44  Drone x3, Extractor  
  92  6:53  Drone, Spire  
  92  6:57  Drone  
  93  7:01  Overlord  
  93  7:04  Zergling x2  
  93  7:05  Zergling x10  
  93  7:07  Hatchery  
  98  7:16  Zerg Ground Armor Level 1  
  98  7:24  Hatchery, Zerg Melee Weapons Level 1  
  98  7:27  Drone x2  
  98  7:28  Drone x5  
  98  7:29  Zergling x2  
  104  7:30  Zergling x6  
  104  7:36  Baneling x7  
  107  7:45  Overlord  
  107  7:46  Zergling x2  
  107  7:47  Zergling x10  
  113  7:54  Extractor  
  112  8:04  Mutalisk  
  112  8:05  Mutalisk x5  
  121  8:09  Zergling x4  
  121  8:11  Overseer  
  125  8:13  Baneling  
  125  8:14  Baneling x3  
  125  8:18  Overlord x2, Zergling x2  
  125  8:19  Zergling x10  
  131  8:21  Baneling x5  
  131  8:27  Baneling x2  
  131  8:28  Baneling x2, Zergling x2  
  131  8:29  Zergling x6  
  132  8:37  Mutalisk  
  132  8:41  Zergling x16  
  117  8:43  Mutalisk  
  117  8:44  Mutalisk  
  117  8:49  Drone x6, Queen  
  117  8:51  Zergling x4  
  117  8:54  Mutalisk  
  129  9:04  Drone x3  
  129  9:06  Zergling x8  
  129  9:07  Baneling x4  
  129  9:08  Baneling x5  
  129  9:09  Zerg Flyer Weapons Level 1  
  136  9:11  Overseer  
  136  9:17  Mutalisk  
  136  9:21  Zergling x14  
  136  9:22  Zergling x2  
  146  9:25  Zerg Ground Armor Level 2  
  146  9:34  Zerg Melee Weapons Level 2  
  144  9:46  Zergling x28  
  144  9:52  Overlord x3  
  158  9:53  Overlord  
  158  9:59  Baneling x3  
  158  10:00  Baneling x9  
  158  10:05  Mutalisk x3  
  154  10:11  Zergling x2  
  154  10:12  Zergling x20  
  165  10:15  Mutalisk x2  
  163  10:24  Infestation Pit, Zergling x12  
  163  10:27  Baneling x5  
  164  10:30  Overseer  
  164  10:31  Zergling x2  
  164  10:32  Zergling x6  
  166  10:38  Baneling x5  
  166  10:42  Zergling x10  
  162  10:53  Mutalisk x2  
  162  10:54  Mutalisk  
  154  10:57  Zergling x8  
  154  10:58  Zergling x12  
  151  11:04  Mutalisk  
  151  11:05  Mutalisk  
  151  11:10  Zergling x2  
  151  11:11  Zergling x10  
  159  11:13  Baneling x6  
  159  11:14  Baneling x2  
  159  11:23  Drone  
  159  11:24  Zergling x12  
  166  11:31  Baneling x11  
  166  11:35  Hatchery, Zergling x14  
  172  11:44  Overlord x3  
  172  11:46  Overseer  
  171  11:56  Overlord x2  
  171  11:58  Overseer  
  171  11:59  Hive  
  171  12:00  Burrow  
  171  12:05  Zergling x10  
  171  12:06  Zergling x22  
  171  12:07  Baneling  
  171  12:08  Baneling x10  
  185  12:21  Mutalisk x4  
  191  12:23  Zergling x10  
  191  12:28  Drone  
  197  12:33  Hatchery, Zergling x8  
  197  12:35  Baneling x5  
  199  12:51  Zergling x32  
  178  12:52  Zergling x2  
  189  13:01  Zergling x18  
  187  13:10  Mutalisk x7  
  186  13:16  Zergling x2  
  186  13:17  Zergling x10  
  189  13:20  Zergling x8  
  189  13:23  Zergling x2  
  189  13:24  Zergling x2  
  191  13:27  Baneling x2  
  190  13:43  Zergling x4  
  190  13:44  Zergling x16  
  190  13:46  Baneling  
  199  13:51  Baneling x2  
  199  13:52  Baneling x6  
Show
View Real Time Build Order
Export as new Build Order

Naxin Terran 

Build Orders: 2 Factory, Reaper Expand 

Get SALT Encoding   

  12  0:00  SCV  
  13  0:13  SCV  
  14  0:17  Supply Depot  
  14  0:25  SCV  
  15  0:39  SCV  
  15  0:41  Barracks  
  16  0:44  Refinery  
  16  0:51  SCV  
  17  1:03  SCV  
  18  1:15  SCV  
  19  1:28  Orbital Command, Reaper  
  20  1:42  Command Center  
  20  1:53  Supply Depot  
  20  1:55  SCV  
  20  2:00  Marine  
  22  2:07  SCV  
  23  2:17  Factory  
  23  2:18  Marine  
  23  2:21  Refinery  
  23  2:22  SCV  
  25  2:34  SCV  
  25  2:36  Marine  
  27  2:42  Factory  
  27  2:46  SCV  
  28  2:54  Orbital Command  
  28  2:55  Barracks Reactor  
  29  2:58  SCV  
  29  3:05  Hellion  
  31  3:10  SCV  
  32  3:20  Supply Depot, SCV  
  32  3:22  SCV  
  34  3:27  Factory Tech Lab  
  34  3:32  SCV  
  35  3:34  SCV  
  35  3:39  Barracks Tech Lab, Hellion  
  35  3:40  Hellion  
  40  3:43  Supply Depot  
  40  3:47  SCV x2  
  42  3:54  Infernal Pre-Igniter  
  44  3:55  Hellion  
  44  3:59  Marine  
  44  4:01  Hellion x2, SCV x2  
  51  4:13  SCV x2  
  55  4:17  Hellion  
  55  4:19  Supply Depot  
  55  4:22  Hellion x2  
  59  4:25  SCV x2  
  59  4:27  Marine  
  59  4:28  Supply Depot  
  59  4:29  Stimpack  
  62  4:41  SCV, Hellion  
  62  4:43  Supply Depot, SCV  
  62  4:44  Hellion x2  
  70  4:50  Marine  
  71  4:58  Command Center, SCV  
  71  4:59  SCV  
  73  5:03  Hellion  
  73  5:05  Hellion x2  
  76  5:17  SCV  
  69  5:23  SCV  
  69  5:24  Hellion  
  69  5:26  Hellion x2  
  70  5:28  Marine  
  70  5:29  SCV  
  70  5:34  Barracks  
  70  5:35  Barracks  
  70  5:36  Engineering Bay x2  
  70  5:37  SCV  
  71  5:44  Refinery  
  71  5:45  Refinery  
  71  5:47  Marine  
  71  5:49  SCV x2  
  74  5:54  Starport  
  74  6:01  SCV x2  
  76  6:04  Marine  
  76  6:09  Barracks  
  77  6:13  SCV, Barracks  
  79  6:21  Hellion x2, SCV  
  79  6:22  Barracks Reactor x2, Marine  
  79  6:24  Terran Infantry Weapons Level 1, Terran Infantry Armor Level 1  
  79  6:25  SCV  
  85  6:30  Supply Depot  
  85  6:31  Combat Shield  
  85  6:34  SCV  
  85  6:37  Starport Reactor  
  86  6:40  SCV  
  86  6:41  Orbital Command  
  86  6:43  Supply Depot  
  86  6:47  Marine, SCV  
  88  6:52  SCV  
  92  6:54  Widow Mine  
  92  6:55  Armory  
  92  7:00  Barracks Reactor  
  92  7:01  Marine x2, Barracks Tech Lab  
  92  7:05  Marine  
  92  7:06  SCV x2  
  92  7:07  SCV  
  98  7:09  Marine x2  
  102  7:16  Widow Mine x2  
  102  7:17  Widow Mine  
  102  7:18  Medivac  
  108  7:23  Marine  
  108  7:24  SCV  
  108  7:25  Marine x2, SCV  
  108  7:28  Supply Depot  
  113  7:30  SCV  
  113  7:33  Marine  
  113  7:34  Concussive Shells  
  113  7:35  Supply Depot  
  113  7:36  Marine, SCV  
  117  7:46  Supply Depot  
  117  7:47  Supply Depot  
  117  7:49  Marine x2  
  117  7:50  Widow Mine x3  
  125  7:56  Marine x2  
  125  7:57  Refinery, Marauder  
  129  7:59  Factory, Marine x2, Marauder  
  133  8:08  Medivac  
  133  8:10  Supply Depot, Marine  
  133  8:11  Widow Mine  
  133  8:12  Supply Depot, Marine  
  138  8:17  Marine x2  
  141  8:22  Marauder, Marine x3  
  146  8:28  Marine  
  146  8:29  Widow Mine  
  146  8:31  Marine, Widow Mine  
  152  8:35  Marine  
  152  8:36  Marine  
  152  8:38  Supply Depot x2  
  152  8:40  Marine  
  152  8:41  Marauder, Marine  
  120  8:42  Factory Tech Lab  
  120  8:44  Marauder  
  120  8:46  Marine, Medivac  
  114  8:48  Medivac  
  115  8:57  Missile Turret  
  115  9:02  Marauder, Drilling Claws  
  116  9:05  Thor  
  116  9:07  Marine x2  
  116  9:08  Marauder, Marine  
  127  9:12  Missile Turret  
  127  9:20  Widow Mine x2  
  127  9:21  Thor  
  137  9:28  Terran Infantry Weapons Level 2  
  137  9:35  Terran Infantry Armor Level 2  
  137  9:36  Marine  
  137  9:37  Marine  
  139  9:41  Widow Mine  
  139  9:42  Marine x2  
  137  9:47  Marine x4  
  137  9:48  Thor  
  146  9:57  Missile Turret  
  144  10:02  Marine x2  
  144  10:04  Widow Mine  
  144  10:05  Marine x2, Widow Mine  
  144  10:06  Marauder x2  
  156  10:09  Medivac x2  
  156  10:10  Marine x2  
  162  10:19  Marine x2  
  164  10:23  Marine x2  
  164  10:27  Marauder, Marine  
  169  10:28  Marine  
  169  10:32  Thor  
  169  10:35  Marine  
  177  10:37  Marine, Command Center  
  178  10:46  Marine  
  178  10:47  Marauder, Marine x3  
  147  11:00  Marine x2  
  147  11:01  Marauder  
  147  11:02  SCV x2  
  113  11:05  Widow Mine x2  
  113  11:10  Marauder, Marine x3  
  113  11:11  Medivac x2  
  121  11:15  Marine  
  121  11:18  Marine x2, SCV  
  122  11:22  Marauder  
  122  11:24  Widow Mine  
  131  11:26  Widow Mine x2  
  131  11:27  Marine  
  131  11:28  Marine  
  131  11:31  Marauder, Marine  
  131  11:32  Refinery  
  140  11:36  Marine x3  
  143  11:41  SCV  
  143  11:43  Marauder  
  143  11:45  Widow Mine x2  
  148  11:47  Widow Mine  
  148  11:50  Widow Mine  
  148  11:53  Marauder  
  154  11:57  Supply Depot x2  
  154  12:06  Thor  
  154  12:07  Sensor Tower  
  160  12:13  Marine  
  158  12:19  Marauder, Marine  
  158  12:20  Marauder, Marine x3  
  161  12:24  Marine, Missile Turret  
  161  12:27  Sensor Tower  
  162  12:33  Marine  
  163  12:41  Marauder  
  162  12:48  Marine, Planetary Fortress  
  159  12:52  SCV x2  
  159  12:54  Marauder, Marine  
  159  12:56  Orbital Command, Marine x2  
  165  12:59  Marine  
  165  13:03  Thor  
  143  13:07  Marine x2  
  143  13:08  Marauder  
  143  13:10  SCV  
  143  13:11  Marine  
  114  13:14  Marine x2  
  114  13:15  Marine  
  114  13:17  Marine  
  118  13:23  SCV x2  
  118  13:25  Marine x2  
  120  13:28  SCV  
  120  13:31  Marauder  
  120  13:32  SCV  
  130  13:38  Marauder, Marine  
  131  13:45  Marine  
  131  13:46  SCV x2  
Tags
 
Add a new tag
Caveats
  • Supply blocks, unpowered buildings, or Contaminate may cause inaccurate times.
  • Supply counts are checked every 10 seconds.